 Dungeon Crawl Stone Soup version 0.28.0-1-gb440e238dd (webtiles) character file.

Game seed: 4329745901079324030

18 lonewolfV2 the Skirmisher (level 2, -1/16 HPs)
             Began as a Vine Stalker Fighter on Feb 22, 2022.
             Frozen to death by an endoplasm (3 damage)
             ... on level 1 of the Dungeon.
             The game lasted 00:01:30 (543 turns).

lonewolfV2 the Skirmisher (Vine Stalker Fighter)     Turns: 543, Time: 00:01:30

Health: -1/16      AC:  6    Str: 18    XL:     2   Next: 66%
Magic:  0/3        EV:  6    Int:  8    God:
Gold:   0          SH:  4    Dex: 13    Spells: 1/1 levels left

rFire   . . .      SeeInvis .     - Unarmed
rCold   . . .      Faith    .   b - +0 buckler
rNeg    . . .      Spirit   +   a - +0 scale mail
rPois   .          Reflect  .   (no helmet)
rElec   .          Harm     .   (no cloak)
rCorr   .          Rampage  .   (no gloves)
Will    .....                   (no boots)
Stlth   ..........              (no amulet)
HPRegen 0.05/turn               (no ring)
MPRegen 0.08/turn               (no ring)

@: constricted
A: fangs 2, magic shield, antimagic bite, no potion heal 2
a: no special abilities


You were on level 1 of the Dungeon.
You visited 1 branch of the dungeon, and saw 2 of its levels.

Inventory:

Armour
 a - a +0 scale mail (worn)
 b - a +0 buckler (worn)
Potions
 c - a potion of might


   Skills:
 + Level 3.0 Fighting
 + Level 2.6 Armour
 + Level 2.9 Shields
 + Level 2.1 Unarmed Combat


You had one spell level left.
You didn't know any spells.
Your spell library was empty.

Dungeon Overview and Level Annotations

Branches:
Dungeon (2/15)

Altars:


Innate Abilities, Weirdness & Mutations

You have extremely sharp teeth.
When hurt, damage is shared between your health and your magic reserves.
Your bite disrupts and absorbs the magic of your enemies.
Potions cannot restore your health.


Message History

Found 19 bolts.
There is an escape hatch in the ceiling here.
You hit the rat.
You kill the rat!
You see here a rat corpse.
There is an escape hatch in the ceiling here.
A mysterious force pulls you upwards. The hatch slams shut behind you.
The endoplasm quivers.
The ball python hisses angrily.
An endoplasm comes into view.
Found a crooked runed staff and 3 poisoned darts.
The endoplasm closely misses you.
The giant cockroach bites you but does no damage.
You block the ball python's attack. The ball python grabs you.
The ball python constricts you.
You closely miss the giant cockroach. You bite the giant cockroach.
You drain its power.
You feel invigorated.
The giant cockroach is moderately wounded.
You block the giant cockroach's attack.
The ball python bites you but does no damage.
The ball python constricts you. The endoplasm freezes you.
You are frozen.
* * * LOW HITPOINT WARNING * * *
You hit the giant cockroach. You bite the giant cockroach. You drain its power.
You feel invigorated.
The giant cockroach is almost dead.
The giant cockroach barely misses you. The ball python barely misses you.
The ball python constricts you. The endoplasm hits you.
* * * LOW HITPOINT WARNING * * *
The giant cockroach bites you but does no damage.
You hit the giant cockroach.
You kill the giant cockroach!
The ball python bites you. The ball python constricts you.
The endoplasm freezes you.
You are frozen.
* * * LOW HITPOINT WARNING * * *
The endoplasm freezes you.
You are frozen.
You die...

#.♣. . .♣.♣
#.#. . .B.#
##.♣.♣...♣.♣
##.....♣.♣..#
#....♣.....
#......♣|♣# #
#.........#
####
#.....JB..#
....
#.....@...# ..
##...S.J...(..
.
#.........####
#.........# #
#.........# #
#.........#
#.##
#.........#
#...
##.......##
..... .....


You could see 2 endoplasms, a giant cockroach and a ball python.

Vanquished Creatures
  An adder (D:2)
  A giant cockroach (D:1)
  A goblin (D:1)
  A hobgoblin (D:2)
  A kobold (D:1)
  2 quokkas
  A frilled lizard (D:1)
  2 rats
10 creatures vanquished.

Notes
Turn   | Place    | Note
-------+----------+-------------------------------------------
     0 | D:1      | lonewolfV2 the Vine Stalker Fighter began the quest for the
                  | Orb.
     0 | D:1      | Reached XP level 1. HP: 11/11 MP: 2/2
   513 | D:1      | You fall into a shaft and drop 1 floor!
   522 | D:2      | Reached skill level 3 in Fighting
   522 | D:2      | Reached XP level 2. HP: 6/16 MP: 1/3
   543 | D:1      | Frozen to death by an endoplasm

Illustrated notes

Levels and vault maps discovered:
D:1:      ncdulo_wetmaze, layout_rooms, serial_forest,
          infiniplex_forest_zigzag_2, infiniplex_forest_clump_double,
          infiniplex_forest_end_2, infiniplex_forest_3_way,
          infiniplex_forest_clump_C, infiniplex_forest_lined_ring,
          infiniplex_forest_lined_4_way, infiniplex_forest_clump_double
D:2:      layout_rooms, chequers_ecumenical_altar_simple,
          chequers_serial_rivers_small_3, minmay_pentomino_r4

Skill      XL: |  1 |
---------------+----+-----
Fighting       | 3 |  3.0
Armour         | |  2.6
Shields        | |  2.9
Unarmed Combat | |  2.1

Action                   || total
-------------------------++-------
Melee: Unarmed           ||    42
       Bite              ||     8
Armor: Scale mail        ||    10
Dodge: Dodged            ||    26
Block: Buckler           ||    12
